 Dungeon Crawl Stone Soup version 0.31-a0-744-gbc345e7fcb (console) character file.

Game seed: 15201871645218490554

16070 blurble the Skirmisher (level 11, -3/101 HPs)
             Began as a Demigod Hunter on Sept 14, 2023.
             Slain by a stone giant (20 damage)
             ... in a volcano.
             The game lasted 00:24:48 (14273 turns).

blurble the Skirmisher (Demigod Hunter)            Turns: 14273, Time: 00:24:49

Health: -3/101     AC:  7    Str: 13 (16) XL:     11   Next: 76%
Magic:  14/14      EV: 21    Int: 16      God:
Gold:   555        SH:  0    Dex: 27 (28) Spells: 10/10 levels left

rFire   . . .        a - +0 orcbow
rCold   . . .        (shield currently unavailable)
rNeg    . . .        c - +1 leather armour
rPois   .            A - +2 hat
rElec   .            g - +0 cloak
rCorr   .            (no gloves)
SInv    .            (no boots)
Will    +....        h - amulet of the acrobat
Stlth   ++           C - +6 ring of intelligence
HPRegen 0.36/turn    (no ring)
MPRegen 0.14/turn

%: acrobat
@: no status effects
A: high MP 1, forlorn, divine attributes, deterioration 1, robust 1, strong 1
a: no special abilities


You were in a volcano.
You visited 2 branches of the dungeon, and saw 12 of its levels.
You also visited: Volcano.

You collected 649 gold pieces.
You spent 94 gold pieces at shops.

Inventory:

Hand Weapons
 a - a +0 orcbow (weapon)
 b - the +8 halberd of Reinforcement {speed, rC+}
   (You found it on level 2 of the Lair of Beasts)

   rC+:       It protects you from cold.
 j - a +4 sling of flaming
 p - a +1 dagger of electrocution
Missiles
 f - 6 datura-tipped darts
 m - 23 poisoned darts
Armour
 c - a +1 leather armour (worn)
 g - a +0 cloak (worn)
 A - a +2 hat (worn)
Jewellery
 h - an amulet of the acrobat (around neck)
 C - a +6 ring of intelligence (left hand)
Wands
 o - a wand of iceblast (3)
 u - a wand of flame (46)
 B - a wand of digging (7)
Scrolls
 r - a scroll of vulnerability {unknown}
 w - a scroll of poison
 x - a scroll of brand weapon {unknown}
 y - a scroll of teleportation {unknown}
Potions
 d - 4 potions of brilliance
 e - a potion of ambrosia
 i - 2 potions of resistance {unknown}
 l - 2 potions of berserk rage {unknown}
 q - a potion of enlightenment {unknown}
 s - 3 potions of curing
 v - 5 potions of mutation
 z - 2 potions of degeneration {unknown}


   Skills:
 - Level 7.0 Fighting
 - Level 13.5 Ranged Weapons
 + Level 10.2 Dodging
 - Level 0.8 Stealth
 - Level 4.0 Evocations


You had 10 spell levels left.
You didn't know any spells.
Your spell library contained the following spells:

 Spells                   Type           Power      Damage    Failure   Level
 Shock                    Conj/Air       0%         1d3       32%         1
 Summon Small Mammal      Summ           0%         N/A       32%         1
 Cigotuvi's Dreadful Rot  Necr/Pois/Air  0%         N/A       43%         2
 Call Canine Familiar     Summ           0%         N/A       67%         3
 Ignite Poison            Fire/Tmut/Pois 0%         N/A       67%         3
 Summon Guardian Golem    Hex/Summ       0%         N/A       67%         3
 Swiftness                Air            0%         N/A       67%         3
 Airstrike                Air            0%         2d(0-16)  97%         4
 Animate Dead             Necr           0%         N/A       97%         4
 Vhi's Electric Charge    Tloc/Air       0%         N/A       97%         4
 Arcjolt                  Conj/Air       0%         1d10      100%        5
 Freezing Cloud           Conj/Ice/Air   0%         6-21      100%        5
 Haunt                    Necr/Summ      0%         N/A       100%        7
 Infestation              Necr           0%         N/A       100%        8
 Maxwell's Capacitive Co  Air            0%         ∞         100%        8


Dungeon Overview and Level Annotations

Branches:
Dungeon (10/15)            Temple (0/1) D:4            Lair (2/5) D:8
  Swamp (0/4) Lair:2        Snake (0/4) Lair:2      Volcano (1/1)
    Orc: D:9-12

Shops:
D:4 :(

Annotations:
D:4 1 runed translucent door, Crazy Yiuf
Lair:2 exclusion: hydra


Innate Abilities, Weirdness & Mutations

You have an increased reservoir of magic. (+10% MP)
You shall have no god before yourself.
Your divine heritage dramatically boosts your attributes as you level up.
Your body sometimes deteriorates upon taking damage.
You are robust. (+10% HP)
Your muscles are strong. (Str +4, Int/Dex -1)


Message History

The stone giant is severely wounded.
The iceblast engulfs the efreet.
The efreet is severely wounded.
The iceblast engulfs the earth elemental but does no damage.
The earth elemental is moderately damaged.
The iceblast engulfs the earth elemental!
The earth elemental partially resists.
The earth elemental is heavily damaged.
Unknown command.
Unknown command.
The stone giant attacks as it pursues you!
The stone giant completely misses you.
Fire: a) +0 orcbow
Press: ? - help, Q - select action, (/) - cycle Shift-Dir - straight line, f/p - earth elemental
Aim: an earth elemental (heavily damaged, 86% to hit)
You shoot an arrow.
The arrow barely misses the stone giant.
The arrow barely misses the earth elemental.
The arrow barely misses the efreet.
The stone giant hits you!!!
Fire: a) +0 orcbow
Press: ? - help, Q - select action, (/) - cycle Shift-Dir - straight line, f/p - earth elemental
Aim: an earth elemental (heavily damaged, 86% to hit)
You shoot an arrow.
The arrow hits the stone giant but does no damage.
The stone giant is heavily wounded.
The stone giant closely misses you.
You feel much better. The stone giant hits you!!
You feel much better. The stone giant misses you.
As you read the scroll of fear, it crumbles to dust.
You assume a fearsome visage.
The earth elemental is unaffected.
The efreet looks frightened!
The earth elemental is unaffected.
The stone giant resists with almost no effort.
The stone giant hits you.
As you read the scroll labelled JOQUNIO BOBODO, it crumbles to dust.
Your body is wracked with pain!
The stone giant convulses!
It was a scroll of torment.
The stone giant hits you!!
* * * LOW HITPOINT WARNING * * *
You feel better. The stone giant hits you!!
You die...

≈≈§≈≈§≈.§.................§≈§≈§§§
≈≈≈§≈§≈.#################.≈≈≈≈≈≈§
≈≈≈§≈≈..# '.....' #§§§≈≈≈§≈
≈≈≈≈≈≈≈.# .8_8. #.≈≈≈§○○○
≈≈≈≈§§§.# .9° ≈≈≈≈§§§§###++###E#
≈≈≈≈§≈..#......#E#
≈≈≈≈≈≈§.######.#C# ≈≈≈≈≈≈..# #@#
≈≈≈≈≈≈≈.# #.# §≈§≈§≈..# #.#
≈≈§§≈§§§# #.#
§≈≈§≈≈≈.########+######
§≈≈≈≈≈≈....................≈§§§≈≈
§§§§≈≈≈≈§≈≈.≈.≈≈≈§.≈≈.≈.≈≈≈§§≈§§≈
≈≈≈§≈≈§≈§§≈§§≈§≈≈≈≈≈≈≈§≈≈≈≈≈≈≈≈≈≈
≈≈≈§§≈≈≈≈≈§§§≈≈≈≈≈≈≈≈≈≈≈§§§≈≈≈§≈≈


You could see a stone giant, 2 earth elementals and a gargoyle.

Vanquished Creatures
  2 two-headed ogres (D:10)
  A catoblepas (Lair:1)
  4 elephants (Lair:1)
  2 black mambas (Lair:1)
  3 cane toads
  4 komodo dragons (Lair:1)
  A polar bear (Lair:2)
  Prince Ribbit (D:8)
  2 shadows
  26 yaks
  2 wyverns
  2 basilisks (Lair:1)
  2 fire bats (Volcano)
  A steam dragon (D:10)
  A fire elemental (Volcano)
  4 water moccasins
  Duvessa (D:5)
  3 black bears
  An orc warrior (D:9)
  A sky beast (D:8)
  An ice beast (D:5)
  2 phantoms (D:7)
  An ogre (D:5)
  4 centaurs
  3 kobold brigands
  5 bullfrogs
  A gnoll sergeant (D:8)
  A scorpion (D:5)
  9 wights (D:9)
  Dowan (D:5)
  20 killer bees
  5 howler monkeys
  5 lava snakes (Volcano)
  A hound (D:5)
  6 orc priests
  2 jellies
  Jessica (D:2)
  5 iguanas
  12 orc wizards
  3 gnolls (D:8)
  10 adders
  3 shadow imps (D:5)
  2 white imps
  2 ufetubi
  A worm (D:3)
  2 dart slugs
  20 orcs
  5 ball pythons
  5 endoplasms
  4 goblins
  5 hobgoblins
  13 jackals
  17 kobolds
  2 quokkas
  5 bats
  A frilled lizard (D:2)
  7 rats
  A butterfly (D:8)
257 creatures vanquished.

Notes
Turn   | Place    | Note
-------+----------+-------------------------------------------
     0 | D:1      | blurble the Demigod Hunter began the quest for the Orb.
     0 | D:1      | Reached XP level 1. HP: 17/17 MP: 3/3
    69 | D:1      | Reached skill level 4 in Ranged Weapons
   134 | D:1      | Gained mutation: Your body sometimes deteriorates upon
                  | taking damage. [potion of mutation]
   134 | D:1      | Gained mutation: You are robust. (+10% HP) [potion of
                  | mutation]
   134 | D:1      | Gained mutation: Your muscles are strong. (Str +4, Int/Dex
                  | -1) [potion of mutation]
   138 | D:1      | Reached XP level 2. HP: 15/26 MP: 4/4
   944 | D:2      | Reached XP level 3. HP: 31/31 MP: 5/5
  1149 | D:2      | Noticed Jessica
  1175 | D:2      | Killed Jessica
  1176 | D:2      | Reached skill level 5 in Ranged Weapons
  1435 | D:2      | Reached XP level 4. HP: 39/39 MP: 6/6
  2342 | D:4      | Found Zenwuc's Antique Weapon Shop.
  2354 | D:4      | Bought a glowing sling for 94 gold pieces
  2394 | D:4      | Found a staircase to the Ecumenical Temple.
  2421 | D:4      | Reached skill level 6 in Ranged Weapons
  2421 | D:4      | Reached XP level 5. HP: 45/45 MP: 7/7
  2530 | D:4      | Found Plog's Book Shoppe.
  2565 | D:4      | Found a runed translucent door.
  2566 | D:4      | Noticed Crazy Yiuf
  3091 | D:5      | Entered Level 5 of the Dungeon
  3091 | D:5      | Noticed Duvessa
  3091 | D:5      | Noticed Dowan
  3145 | D:5      | Reached XP level 6. HP: 38/52 MP: 8/8
  3169 | D:5      | Reached skill level 7 in Ranged Weapons
  3187 | D:5      | Killed Duvessa
  3192 | D:5      | Killed Dowan
  3264 | D:5      | Reached skill level 8 in Ranged Weapons
  3264 | D:5      | Reached XP level 7. HP: 58/58 MP: 9/9
  3365 | D:5      | Found a transporter.
  3483 | D:5      | Found a transporter.
  3634 | D:5      | Reached skill level 9 in Ranged Weapons
  4055 | D:6      | Reached XP level 8. HP: 45/66 MP: 10/10
  4572 | D:7      | Reached skill level 10 in Ranged Weapons
  5050 | D:7      | Reached skill level 11 in Ranged Weapons
  5456 | D:7      | Reached XP level 9. HP: 74/74 MP: 11/11
  6170 | D:8      | Noticed Prince Ribbit
  6182 | D:8      | Killed Prince Ribbit
  6183 | D:8      | Reached skill level 1 in Evocations
  6305 | D:8      | Reached skill level 12 in Ranged Weapons
  6889 | D:8      | Found a staircase to the Lair.
  7606 | D:8      | Reached XP level 10. HP: 22/85 MP: 13/13
  8109 | D:9      | Reached skill level 5 in Dodging
  8769 | D:10     | Entered Level 10 of the Dungeon
  8908 | D:10     | Noticed a two-headed ogre
  8913 | D:10     | Killed a two-headed ogre
  8914 | D:10     | Reached skill level 13 in Ranged Weapons
  9002 | D:10     | Noticed a two-headed ogre
  9011 | D:10     | Killed a two-headed ogre
  9259 | D:10     | Identified the +0 robe of the Gastropod {Will+ SInv}
  9791 | Lair:1   | Entered Level 1 of the Lair of Beasts
  9865 | Lair:1   | Noticed a catoblepas
  9911 | Lair:1   | Noticed a black mamba
  9915 | Lair:1   | Killed a black mamba
  9916 | Lair:1   | Reached XP level 11. HP: 93/93 MP: 14/14
 10002 | Lair:1   | Reached skill level 5 in Fighting
 10651 | Lair:1   | Killed a catoblepas
 12171 | Lair:2   | Noticed an eight-headed hydra
 12223 | Lair:2   | Reached skill level 10 in Dodging
 12235 | Lair:2   | Identified the +8 halberd of Reinforcement {speed, rC+}
 12256 | Lair:2   | Found a dark tunnel.
 12269 | Volcano  | Entered a volcano
 14259 | Volcano  | Noticed a stone giant
 14273 | Volcano  | Slain by a stone giant

Illustrated notes

Levels and vault maps discovered:
D:1:      ncdulo_smallfort, layout_basic, chequers_ecumenical_altar_twisty
D:2:      layout_basic, uniq_jessica
D:3:      layout_loops_ring, roderic_st_hans_cross, roderic_lattice_a,
          nicolae_concentric_dashed_squares_wild, minmay_hedge_maze
D:4:      layout_basic, nicolae_wu_jian_wuxing_cycle,
          mainiacjoe_overflow_surrounded_room, minmay_temple_entry_statues,
          serial_shops, nicolae_shop_hallway_stairs, nicolae_book_shop_shelving,
          supply_closet_lemuel, minmay_misc_feat_chi, uniq_crazy_yiuf_cottage
D:5:      gammafunk_wand_slinger, layout_loops_cross,
          gammafunk_temple_overflow_pools, uniq_duvessa
D:6:      layout_cave_pools, mainiacjoe_overflow_alcove_4
D:7:      minmay_flawed_box, layout_gridville
D:8:      layout_rooms, nicolae_elyvilon_peaceful_grove, lair_entry_dummy,
          uniq_prince_ribbit1
D:9:      layout_basic, mainiacjoe_overflow_chevrons, kennysheep_little_box,
          mainiacjoe_overflow_tiny_flanked
D:10:     layout_loops_ring
Lair:1:   layout_cave_pods
Lair:2:   layout_regular_city, skrybe_swamp_entry_bodies,
          guppyfry_snake_entry_garden, nicolae_volcano_entry_lava_flow,
          beast_lair_carwin_4
Volcano:  volcano_lake [vl_original]

Skill      XL: |  1  2  3  4  5  6  7  8  9 10 11 |
---------------+----------------------------------+-----
Ranged Weapons | 4 5 6 8 9 11 12 13 | 13.5
Dodging        | 2 4 7 10 | 10.2
Fighting       | 2 3 4 7 |  7.0
Evocations     | 4 |  4.0
Stealth        | |  0.8

Action                     |  1- 3 |  4- 6 |  7- 9 | 10-12 || total
---------------------------+-------+-------+-------+-------++-------
  Melee: Dagger            |    11 |       |       |       ||    11
         Sling             |       |       |     1 |       ||     1
   Fire: Shortbow          |   114 |    86 |       |       ||   200
         Sling             |       |    67 |   382 |   444 ||   893
         Orcbow            |       |       |       |    24 ||    24
  Evoke: Wand              |       |       |     1 |     8 ||     9
    Use: Potion            |     2 |       |     3 |     3 ||     8
         Scroll            |       |       |     7 |     9 ||    16
 Armour: Leather armour    |    45 |    35 |   103 |   112 ||   295
  Dodge: Dodged            |    64 |    42 |   150 |   159 ||   415

Table legend: (Time is in decaauts)
 A = Elapsed time spent in this place.
 B = Non-inter-level travel time spent in this place.
 C = Inter-level travel time spent in this place.
 D = Time resting spent in this place.
 E = Time spent auto-exploring this place.
 F = Levels seen in this place.
 G = Mean time per level.
                   A        B        C        D        E       F      G
               +--------+--------+--------+--------+--------+-----+--------+
         Total |  14174 |  13623 |    551 |   4807 |   6401 |  13 | 1090.3 |
       Dungeon |   9988 |   9537 |    451 |   2381 |   5579 |  10 |  998.8 |
          Lair |   2187 |   2088 |     99 |    891 |    756 |   2 | 1093.5 |
       Volcano |   1998 |   1998 |      0 |   1535 |     66 |   1 | 1998.0 |
               +--------+--------+--------+--------+--------+-----+--------+

Top non-repeatable levels by time:
  Lair:1: 2074 daAuts
 Volcano: 1998 daAuts
     D:8: 1629 daAuts
     D:7: 1458 daAuts
     D:9: 1225 daAuts
    D:10: 939 daAuts
     D:5: 899 daAuts
     D:1: 864 daAuts
     D:3: 834 daAuts
     D:4: 781 daAuts
     D:2: 678 daAuts
     D:6: 677 daAuts
  Lair:2: 113 daAuts
